 Dungeon Crawl Stone Soup version 0.28-a0-793-g31680bbd8b (webtiles) character file.

Game seed: 12813155377194832090

5824 DungeonMaster the Fighter (level 10, 0/81 HPs)
             Began as a Demonspawn Wanderer on Nov 4, 2021.
             Was an Initiate of Gozag.
             Slain by a troll (13 damage)
             ... on level 9 of the Dungeon.
             The game lasted 00:19:15 (9578 turns).

DungeonMaster the Fighter (Demonspawn Wanderer)     Turns: 9578, Time: 00:19:15

Health: 0/81       AC: 19    Str: 15    XL:     10   Next: 51%
Magic:  4/4        EV: 12    Int: 13    God:    Gozag
Gold:   791        SH:  5    Dex: 14    Spells: 13/13 levels left

rFire   . . .      SeeInvis .   s - +1 dagger (venom)
rCold   . . .      Faith    .   x - +0 buckler
rNeg    . . .      Spirit   .   d - +1 plate armour of Subjectivity {Harm rPois Will+++ MP-9}
rPois   +          Reflect  .   y - +0 helmet
rElec   .          Harm     +   f - +1 cloak
rCorr   .          Rampage  .   (gloves unavailable)
Will    +++..                   p - +0 pair of boots
Stlth   ..........              (no amulet)
HPRegen 0.23/turn               n - ring of flight
MPRegen 0.09/turn               A - ring of poison resistance

@: agile, about to teleport, flying
A: powered by death 1, powered by pain 2, demonic touch 3
a: Renounce Religion, Potion Petition, Call Merchant, Bribe Branch


You were on level 9 of the Dungeon.
You worshipped Gozag.
Gozag was pleased with you.
You visited 1 branch of the dungeon, and saw 10 of its levels.

You collected 922 gold pieces.
You paid 131 gold pieces to Gozag.

Inventory:

Hand Weapons
 a - a +5 mace
 b - a +0 war axe
 s - a +1 dagger of venom (weapon)
 w - a +4 hunting sling of freezing
 E - a +0 scimitar
 K - a +3 hand crossbow
Missiles
 e - 35 sling bullets
 g - 249 stones
 k - 25 poisoned darts (quivered)
 q - 7 throwing nets
 v - 3 boomerangs
 z - 7 curare-tipped darts
 D - 44 bolts
Armour
 d - the +1 plate armour of Subjectivity (worn) {Harm rPois Will+++ MP-9}
   (You found it on level 5 of the Dungeon)

   rPois:     It protects you from poison.
   MP:        It affects your magic capacity (-9).
   Harm:      It increases damage dealt and taken.
   Will:      It greatly increases your willpower.
 f - a +1 cloak (worn)
 p - a +0 pair of boots (worn)
 x - a +0 buckler (worn)
 y - a +0 helmet (worn)
 H - the +4 robe of Nawonkeo {Regen+}
   (You found it on level 8 of the Dungeon)

   Regen:     It increases your rate of health regeneration.
Jewellery
 l - a ring of see invisible
 n - a ring of flight (left hand)
 A - a ring of poison resistance (right hand)
Wands
 c - a wand of iceblast (8)
 r - a wand of flame (9)
 C - a wand of digging (9)
 L - a wand of acid (4)
Scrolls
 t - a scroll of teleportation
 u - a scroll of blinking
 G - a scroll of magic mapping
Potions
 h - 2 potions of flight
 i - 3 potions of heal wounds
 j - 2 potions of ambrosia
 m - 3 potions of curing
 o - 3 potions of brilliance
 B - a potion of invisibility {unknown}
 I - a potion of attraction {unknown}
 J - a potion of resistance {unknown}


   Skills:
 * Level 8.3 Fighting
 - Level 3.6 Maces & Flails
 * Level 7.5 Armour
 * Level 7.4 Dodging
 - Level 1.0 Stealth
 * Level 6.2 Shields
 - Level 2.0 Spellcasting
 - Level 1.0 Summonings
 - Level 1.0 Evocations


You had 13 spell levels left.
You didn't know any spells.
Your spell library contained the following spells:

 Spells                   Type           Power      Damage    Failure   Level
 Magic Dart               Conj           4%         1d3       100%        1
 Blink                    Tloc           2%         N/A       100%        2
 Call Imp                 Summ           3%         N/A       100%        2
 Corpse Rot               Necr/Air       2%         N/A       100%        2
 Ensorcelled Hibernation  Hex/Ice        2%         N/A       100%        2
 Poisonous Vapours        Pois/Air       2%         N/A       100%        2
 Dazzling Flash           Conj/Hex       2%         N/A       100%        3
 Mephitic Cloud           Conj/Pois/Air  1%         N/A       100%        3
 Spider Form              Tmut/Pois      1%         N/A       100%        3
 Agony                    Necr           1%         N/A       100%        5
 Manifold Assault         Tloc           1%         N/A       100%        5
 Silence                  Hex/Air        0%         N/A       100%        5
 Storm Form               Tmut/Air       0%         N/A       100%        7
 Chain Lightning          Conj/Air       0%         2d1       100%        9
 Fire Storm               Conj/Fire      0%         6d1       100%        9
 Shatter                  Erth           0%         3d5*      100%        9


Dungeon Overview and Level Annotations

Branches:
Dungeon (10/15)            Temple (0/1) D:5             Orc (0/2) D:10
   Lair: D:8-11

Altars:
Gozag
Nemelex Xobeh
Okawaru

Shops:
D:3 (   D:6 *

Annotations:
D:8 Erica
D:10 exclusion: oklob plant


Innate Abilities, Weirdness & Mutations

You regenerate a little health from kills.
You sometimes gain power by taking damage.
Your touch may irresistibly damage your foes and sap their willpower.


Message History

The troll bites you. The troll claws you but does no damage.
You block the troll's attack.
You closely miss the troll.
The troll is lightly wounded.
The troll barely misses you. The troll claws you. The troll barely misses you.
You hit the troll.
The troll is lightly wounded.
The troll bites you but does no damage. The troll claws you.
The troll claws you!
Your plate armour of Subjectivity prevents you from hitting the troll.
The troll is lightly wounded.
The troll closely misses you. You block the troll's attack.
The troll claws you.
You hit the troll.
The troll is poisoned.
The troll is lightly wounded.
The troll bites you! The troll claws you.
The troll claws you but does no damage.
You hit the troll but do no damage.
The troll looks even sicker.
The troll is lightly wounded.
The troll barely misses you. The troll claws you but does no damage.
You block the troll's attack.
You closely miss the troll.
The troll is lightly wounded.
You block the troll's attack. The troll claws you!
* * * LOW HITPOINT WARNING * * *
You focus on the pain.
You feel agile all of a sudden. The troll closely misses you.
You hit the troll but do no damage.
The troll is lightly wounded.
The troll bites you but does no damage. You block the troll's attack.
The troll barely misses you.
As you read the scroll of teleportation, it crumbles to dust.
You feel strangely unstable. The troll bites you but does no damage.
You block the troll's attack. The troll claws you.
* * * LOW HITPOINT WARNING * * *
The troll bites you but does no damage. The troll claws you but does no damage.
The troll claws you!
You die...
Your body crumbles into a pile of gold.

...# #..# #....##### ##'######
##.## ##'######## ........# #..#
#.........#
........########.######.........#
....>...Y.#...#...#...>.....)...#
........#.#.###.#.###...........#
........#...#...#...#.#.....)..<#
........###[#.###.#.#.#.........#
........# #..YYT@.#...#.......))#
........# ######.######.......).'
###'##### #.# #......<..# #..#
##.# ######'#### ##'###### #..#
#..# ........# ##.## #.##
........# #..# #.# ........# #.##
####.### ........######.######
#....>.#


You could see 2 yaks and a troll (very poisoned).

Vanquished Creatures
  Harold (D:8)
  A two-headed ogre (D:9)
  Nergalle (D:10)
  2 hornets
  3 yaks (D:9)
  A steam dragon (D:6)
  2 acid dragons
  A water moccasin (D:6)
  3 orc warriors
  2 black bears
  An ice beast (D:3)
  An ogre (D:6)
  2 centaurs
  A phantom (D:5)
  4 kobold brigands
  3 bullfrogs (D:7)
  A water moccasin zombie (D:6)
  A wyvern zombie (D:6)
  A scorpion (D:4)
  5 killer bees (D:9)
  3 howler monkeys
  A centaur zombie (D:9)
  4 orc priests
  2 hounds (D:4)
  2 centaur skeletons
  2 iguanas (D:5)
  A scorpion zombie (D:5)
  3 gnoll shamans
  3 orc wizards
  A killer bee zombie (D:6)
  2 howler monkey zombies
  22 gnolls
  4 adders
  A shadow imp (D:5)
  2 white imps
  An ufetubus (D:4)
  A worm (D:2)
  3 dart slugs
  23 orcs
  11 ball pythons
  4 endoplasms
  4 giant cockroaches
  7 goblins
  8 hobgoblins
  4 jackals
  3 quokkas
  4 frilled lizards
  17 kobolds
  5 rats
185 creatures vanquished.

Notes
Turn   | Place    | Note
-------+----------+-------------------------------------------
     0 | D:1      | DungeonMaster the Demonspawn Wanderer began the quest for
                  | the Orb.
     0 | D:1      | DungeonMaster set off with the following items: a +2 mace,
                  | a +0 ring mail, a potion of lignification
     0 | D:1      | Reached XP level 1. HP: 15/15 MP: 3/3
   256 | D:1      | Gained mutation: You sometimes gain a little power by
                  | taking damage. [demonic ancestry]
   256 | D:1      | Reached XP level 2. HP: 20/21 MP: 5/5
   773 | D:2      | Reached skill level 1 in Dodging
   787 | D:2      | Reached skill level 1 in Armour
  1060 | D:2      | Found a faded altar of an unknown god.
  1094 | D:2      | Reached skill level 2 in Fighting
  1094 | D:2      | Gained mutation: Your touch may inflict minor irresistible
                  | damage on your foes. [demonic ancestry]
  1094 | D:2      | Reached XP level 3. HP: 22/27 MP: 6/6
  1337 | D:2      | Gained mutation: Your touch may inflict irresistible damage
                  | on your foes. [demonic ancestry]
  1337 | D:2      | Reached XP level 4. HP: 32/33 MP: 7/7
  2164 | D:3      | Noticed an ice beast
  2185 | D:3      | Killed an ice beast
  2186 | D:3      | Reached skill level 3 in Fighting
  2186 | D:3      | Reached XP level 5. HP: 27/41 MP: 8/8
  2667 | D:3      | Found a sparkling altar of Nemelex Xobeh.
  2740 | D:3      | Found Sugo's Weapon Shoppe.
  3150 | D:4      | Gained mutation: You sometimes gain power by taking damage.
                  | [demonic ancestry]
  3150 | D:4      | Reached XP level 6. HP: 47/47 MP: 9/9
  3520 | D:5      | Entered Level 5 of the Dungeon
  3599 | D:5      | Reached skill level 4 in Fighting
  3606 | D:5      | Gained mutation: Your touch may irresistibly damage your
                  | foes and sap their willpower. [demonic ancestry]
  3606 | D:5      | Reached XP level 7. HP: 48/54 MP: 10/10
  4245 | D:5      | Found a staircase to the Ecumenical Temple.
  4561 | D:5      | Identified the +1 plate armour of Subjectivity {Harm rPois
                  | Will+++ MP-9}
  4642 | D:5      | Reached skill level 1 in Shields
  4944 | D:6      | Reached skill level 5 in Fighting
  5002 | D:6      | Reached XP level 8. HP: 20/62 MP: 2/11
  5564 | D:6      | Found an iron altar of Okawaru.
  5737 | D:6      | Reached skill level 5 in Armour
  5737 | D:6      | Reached skill level 5 in Dodging
  5959 | D:6      | Found Unizxig's Elemental Accessories.
  6069 | D:6      | Reached skill level 6 in Fighting
  6302 | D:7      | Noticed a hornet
  6307 | D:7      | Killed a hornet
  6408 | D:7      | Found an opulent altar of Gozag.
  6416 | D:7      | Became a worshipper of Gozag Ym Sagoz the Greedy
  6426 | D:7      | Gained mutation: You regenerate a little health from kills.
                  | [demonic ancestry]
  6426 | D:7      | Reached XP level 9. HP: 70/70 MP: 3/12
  7020 | D:8      | Noticed Harold
  7433 | D:8      | Killed Harold
  7434 | D:8      | Reached skill level 7 in Fighting
  7630 | D:8      | Identified the +4 robe of Nawonkeo {Regen+}
  7677 | D:8      | Noticed Erica
  7754 | D:9      | Reached skill level 5 in Shields
  8013 | D:9      | Noticed a two-headed ogre
  8028 | D:9      | Killed a two-headed ogre
  8029 | D:9      | Reached XP level 10. HP: 58/79 MP: 4/13
  8794 | D:10     | Entered Level 10 of the Dungeon
  8794 | D:10     | Found a staircase to the Orcish Mines.
  8797 | D:10     | Noticed an oklob plant
  8859 | D:10     | Noticed Nergalle
  8868 | D:10     | Killed Nergalle
  8869 | D:10     | Reached skill level 8 in Fighting
  9578 | D:9      | Slain by a troll

Illustrated notes

Levels and vault maps discovered:
D:1:      dpeg_arrival_oval, layout_loops_ring, nrook_mini_vaults,
          kennysheep_small_spiral
D:2:      layout_loops_ring, shapermc_ecumenical_altar_notcrosses,
          grunt_decor_arrowhead, kennysheep_boxes
D:3:      wad_crossroads, layout_basic, nemelex_spade_bored_becter,
          serial_shops, shop
D:4:      layout_rooms
D:5:      layout_loops_ring, minmay_temple_entry_offerings
D:6:      cheibrodos_thug_alley, layout_basic, okawaru_metal_pillars_1_2,
          nicolae_elemental_shop
D:7:      layout_cave_pools, grunt_gozag_statues, minmay_fountain_box,
          grunt_decor_one_mirror
D:8:      layout_rooms, grunt_temple_overflow_octagram, uniq_pikel, uniq_erica,
          uniq_harold
D:9:      layout_roguey
D:10:     layout_layer_cave, dpeg_oklobed_lair, orc_0_dummy, uniq_nergalle

Skill      XL: |  1  2  3  4  5  6  7  8  9 10 |
---------------+-------------------------------+-----
Dodging        | 1 2 3 4 5 6 7 |  7.4
Armour         | 1 2 3 4 5 6 7 |  7.5
Fighting       | 2 3 4 5 6 7 8 |  8.3
Shields        | 1 3 5 6 |  6.2
Maces & Flails | |  3.6
Stealth        | |  1.0
Spellcasting   | |  2.0
Summonings     | |  1.0
Evocations     | |  1.0

Action                   |  1- 3 |  4- 6 |  7- 9 | 10-12 || total
-------------------------+-------+-------+-------+-------++-------
Melee: Mace              |    62 |   108 |   289 |    49 ||   508
       Touch             |     3 |    25 |     1 |       ||    29
       Dagger            |       |       |       |    41 ||    41
 Fire: Hunting sling     |       |    13 |    47 |       ||    60
Throw: Dart              |       |     6 |     1 |     4 ||    11
Evoke: Wand              |       |       |    11 |    10 ||    21
  Use: Scroll            |     3 |     6 |     9 |     2 ||    20
       Potion            |       |       |     3 |       ||     3
 Stab: Sleeping          |       |     2 |       |       ||     2
       Distracted        |       |       |     1 |     2 ||     3
Armor: Ring mail         |    29 |    48 |    28 |       ||   105
       Plate armour      |       |       |   189 |    93 ||   282
       Skin              |       |       |     7 |       ||     7
Dodge: Dodged            |    26 |    75 |   161 |    49 ||   311
Block: Buckler           |       |       |    63 |    41 ||   104

Table legend: (Time is in decaauts)
 A = Elapsed time spent in this place.
 B = Non-inter-level travel time spent in this place.
 C = Inter-level travel time spent in this place.
 D = Time resting spent in this place.
 E = Time spent auto-exploring this place.
 F = Levels seen in this place.
 G = Mean time per level.
                   A        B        C        D        E       F      G
               +--------+--------+--------+--------+--------+-----+--------+
         Total |   9703 |   9475 |    228 |   3202 |   4455 |  10 |  970.3 |
       Dungeon |   9703 |   9475 |    228 |   3202 |   4455 |  10 |  970.3 |
               +--------+--------+--------+--------+--------+-----+--------+

Top non-repeatable levels by time:
     D:9: 1816 daAuts
     D:6: 1426 daAuts
     D:5: 1134 daAuts
     D:2: 1105 daAuts
     D:3: 1075 daAuts
     D:7: 1069 daAuts
     D:4: 830 daAuts
     D:1: 776 daAuts
     D:8: 376 daAuts
    D:10: 92 daAuts
